 Dungeon Crawl Stone Soup version 0.28-a0-1080-g05a166d0ed (webtiles) character file.

Game seed: 17377411645196670198

32 spiderkeys the Ducker (level 3, -1/22 HPs)
             Began as a Deep Elf Abyssal Knight on Dec 10, 2021.
             Was a Follower of Lugonu.
             Slain by a ynoxinul (4 damage)
             ... on level 2 of the Abyss.
             The game lasted 00:00:50 (109 turns).

spiderkeys the Ducker (Deep Elf Abyssal Knight)      Turns: 109, Time: 00:00:51

Health: -1/22      AC:  3    Str: 10    XL:     3   Next: 8%
Magic:  6/6        EV: 12    Int: 16    God:    Lugonu [*.....]
Gold:   0          SH:  0    Dex: 15    Spells: 2/2 levels left

rFire   . . .      SeeInvis .   a - +1 short sword
rCold   . . .      Faith    .   (no shield)
rNeg    . . .      Spirit   .   b - +0 leather armour
rPois   .          Reflect  .   (no helmet)
rElec   .          Harm     .   (no cloak)
rCorr   .          Rampage  .   (no gloves)
Will    .....                   (no boots)
Stlth   +.........              (no amulet)
HPRegen 0.07/turn               (no ring)
MPRegen 0.10/turn               (no ring)

@: no status effects
A: no striking features
a: Renounce Religion, Depart the Abyss


You were on level 2 of the Abyss.
You worshipped Lugonu.
Lugonu was aware of your devotion.
You visited 0 branches of the dungeon, and saw 0 of its levels.
You visited the Abyss 1 time.


   Skills:
 + Level 2.6 Fighting
 * Level 2.3 Short Blades
 - Level 1.2 Armour
 + Level 2.9 Dodging
 + Level 2.4 Invocations


You had 2 spell levels left.
You didn't know any spells.
Your spell library was empty.

Inventory:

Hand Weapons
 a - a +1 short sword (weapon)
Armour
 b - a +0 leather armour (worn)
 e - a +0 pair of gloves
   (You found it on level 2 of the Abyss)
Scrolls
 c - a scroll of identify {unknown}

Dungeon Overview and Level Annotations

Branches:
Dungeon (0/15)

Altars:

## ..# .# .. .# #
###..#.....#. # . ..#....##
..# ##.## . . #. #.
....###..##.#.##. .# . #.
#.#.#.....## .. #.
....##.##.#....##.. .. . .
..##..##............ .# .
.............35............
# #.......@........ . .. .
#.#...##5..##........... #
#....##.....# . . . #
#......##...#..... . .
#..#..# #.#.# ..ยงยง.....
#.###......##.#...3 . # ##
#.#...####...... ..# ..
.... .#.. . . . .# .. ... .
........#


You could see a ynoxinul and 2 ufetubi.


Message History

๐Ÿค– Initializing magus.rc ... โœ… Successfully initialized magus.rc [v1.9.10] Welcome, spiderkeys the Deep Elf Abyssal Knight.
They say the Orb of Zot lies within this dungeon, but they say a lot of things.
Lugonu says: Depart the Abyss and spread corruption, my servant! (use the ability menu to exit the Abyss) Press ? for a list of commands and other information.
Found a corrupted altar of Lugonu.
Found a gateway leading deeper into the Abyss.
c - a scroll labelled QANKAG BOHEOPS Unknown command.
There is a gateway leading deeper into the Abyss here.
Found a gateway leading out of the Abyss.
There is a gateway leading deeper into the Abyss here.
You plunge deeper into the Abyss.
d - a wand of paralysis (4)
You see here a +0 pair of gloves.
e - a +0 pair of gloves The ynoxinul bellows!
Aiming: Paralyse
Press: ? - help, Shift-Dir - straight line, f - ynoxinul
Aim: a ynoxinul (chance to affect: 28%)
The ynoxinul suddenly stops moving!
A quasit comes into view.
Aiming: Paralyse
Press: ? - help, Shift-Dir - straight line, f - quasit, p - ynoxinul
Aim: a quasit (chance to affect: 54%)
The quasit suddenly stops moving!
The helpless quasit fails to defend itself.
You puncture the quasit!
The helpless quasit fails to defend itself.
You hit the quasit.
The helpless quasit fails to defend itself.
You hit the quasit.
You kill the quasit!
Your Armour skill increases to level 1!
You have reached level 2!
You have reached level 3!
Your experience leads to an increase in your attributes!
Increase (S)trength, (I)ntelligence, or (D)exterity?
You feel clever. x2 ๐Ÿ˜Ž HP[+9] MP[+2]
You now have 22 max hp (+9).
Your hp is fully restored (22).
Your mp is fully restored (6).
The substance of the Abyss twists violently, and a gateway leading out appears!
There is a gateway leading out of the Abyss here.
The helpless ynoxinul fails to defend itself.
You hit the ynoxinul.
The helpless ynoxinul fails to defend itself.
You hit the ynoxinul.
The ynoxinul is no longer paralysed.
The ynoxinul gestures.
Aiming: Paralyse
Press: ? - help, Shift-Dir - straight line, f - ynoxinul
Aim: a ynoxinul (lightly wounded, chance to affect: 28%)
The ynoxinul easily resists.
The ufetubus hits you. x2
The ynoxinul gestures at you. The iron shot hits you!
Ouch! That really hurt!
* * * LOW HITPOINT WARNING * * *
๐Ÿ˜ฑ HP[-19]
You take 19 damage, and now have 3/22 hp.
MASSIVE DAMAGE!! (PAUSE)
Aiming: Paralyse
Press: ? - help, Shift-Dir - straight line, f/p - ynoxinul
Aim: a ynoxinul (lightly wounded, chance to affect: 28%)
The ynoxinul easily resists.
The now-empty wand crumbles to dust.
The ufetubus hits you but does no damage.
The ufetubus closely misses you. The ynoxinul hits you.
You die...

Skill      XL: |  1 |
---------------+----+-----
Armour         | 1 |  1.2
Fighting       | |  2.6
Short Blades   | |  2.3
Dodging        | |  2.9
Invocations    | |  2.4

Action                   || total
-------------------------++-------
Melee: Short sword       ||     5
Evoke: Wand              ||     4
 Stab: Paralysed         ||     5
Armor: Leather armour    ||     1
Dodge: Dodged            ||     1

Levels and vault maps discovered:
Abyss:2:  base:
Temple

Notes
Turn   | Place    | Note
-------+----------+-------------------------------------------
     0 | Abyss:1  | spiderkeys the Deep Elf Abyssal Knight began the quest for
                  | the Orb.
     0 | Abyss:1  | Reached XP level 1. HP: 13/13 MP: 4/4
     0 | Abyss:1  | magus.rc [v1.9.10]
    86 | Abyss:2  | Noticed a ynoxinul
    97 | Abyss:2  | Noticed a quasit
   104 | Abyss:2  | Killed a quasit
   105 | Abyss:2  | Reached skill level 1 in Armour
   105 | Abyss:2  | Reached XP level 2. HP: 18/18 MP: 5/5
   105 | Abyss:2  | Reached XP level 3. HP: 22/22 MP: 6/6
   108 | Abyss:2  | HP: 3/22 [ynoxinul/iron shot (12)]
   109 | Abyss:2  | Slain by a ynoxinul

Vanquished Creatures
  A quasit (Abyss:2)
1 creature vanquished.

Table legend:
 A = Non-vault XP
 B = Vault XP
 C = Vault XP percentage of total XP
 D = Non-vault monster count
 E = Vault monster count
 F = Vault count percentage of total count
                 A         B        C        D         E       F
            +---------+---------+-------+---------+---------+-------
      Total |      46 |       0 |   0.0 |       1 |       0 |   0.0
            +---------+---------+-------+---------+---------+-------
    Abyss:2 |      46 |       0 |   0.0 |       1 |       0 |   0.0
            +---------+---------+-------+---------+---------+-------

Illustrated notes

Table legend:
 A = Kills in this place as a percentage of kills in entire the game.
 B = Kills by you in this place as a percentage of kills by you in the entire game.
 C = Kills by friends in this place as a percentage of kills by friends in the entire game.
 D = Other kills in this place as a percentage of other kills in the entire game.
 E = Experience gained in this place as a percentage of experience gained in the entire game.
 F = Experience gained in this place divided by the number of levels of this place that you have seen.
                   A       B       C       D       E      F
               +-------+-------+-------+-------+-------+----------------------
         Total | 100.0 | 100.0 |   N/A |   N/A | 100.0 |  23.0
         Abyss | 100.0 | 100.0 |   N/A |   N/A | 100.0 |  23.0
               +-------+-------+-------+-------+-------+----------------------

Table legend: (Time is in decaauts)
 A = Elapsed time spent in this place.
 B = Non-inter-level travel time spent in this place.
 C = Inter-level travel time spent in this place.
 D = Time resting spent in this place.
 E = Time spent auto-exploring this place.
 F = Levels seen in this place.
 G = Mean time per level.
                   A        B        C        D        E       F      G
               +--------+--------+--------+--------+--------+-----+--------+
         Total |    108 |    108 |      0 |      0 |     19 |   2 |   54.0 |
         Abyss |    108 |    108 |      0 |      0 |     19 |   2 |   54.0 |
               +--------+--------+--------+--------+--------+-----+--------+

Top non-repeatable levels by time:
 Abyss:1: 62 daAuts
 Abyss:2: 46 daAuts
